 Dungeon Sprint DCSS version 0.24-a0-312-g16217b4a02 (webtiles) character file.

Game seed: 18258551298867307084

3700000 Hercules1031 the Intangible (level 24, -14/272 HPs)
             Began as a Deep Dwarf Warper on May 15, 2019.
             Was the Champion of Makhleb.
             Demolished by a large bag of meat
             ... wielding a +9 giant spiked club
              (91 damage)
             ... in the Dungeon (Sprint VIII: "Arena of Blood").
             The game lasted 00:02:24 (37 turns).

Hercules1031 the Intangible (Deep Dwarf Warper)       Turns: 37, Time: 00:02:25

Health: -14/272    AC:  6    Str: 18    XL:     24   Next: 69%
Magic:  11/54      EV: 34    Int: 15    God:    Makhleb [******]
Gold:   0          SH:  0    Dex: 20    Spells: 77/77 levels left

rFire    . . .     SeeInvis .   c - +∞ Axe of Woe
rCold    . . .     Gourm    .   (shield currently unavailable)
rNeg     + . .     Faith    .   b - +0 leather armour
rPois    .         Spirit   .   (no helmet)
rElec    .         Reflect  .   (no cloak)
rCorr    .         Harm     .   (no gloves)
MR       +++..     NoTele   +   (no boots)
Stlth    +++++++++.             (no amulet)
HPRegen  0.00/turn              (no ring)
MPRegen  0.34/turn              (no ring)

@: very slightly contaminated, non-regenerating
A: damage resistance, heal wounds, negative energy resistance 1, sense
surroundings 3, no regeneration
a: Heal Wounds, Minor Destruction, Lesser Servant of Makhleb, Major Destruction,
Greater Servant of Makhleb, Renounce Religion


You were in the Dungeon.
You worshipped Makhleb.
Makhleb was exalted by your worship.
You were not hungry.

You visited 1 branch

Inventory:

Hand Weapons
 a - a +0 hand axe
 c - the +∞ Axe of Woe (weapon)
   (You found it in the Dungeon)
Missiles
 e - 5 boomerangs of dispersal (quivered)
Armour
 b - a +0 leather armour (worn)
Jewellery
 l - an uncursed ring of protection from fire
Scrolls
 d - a scroll of blinking
Potions
 g - a potion of curing
 h - a potion of heal wounds
 i - a potion of haste
 j - 2 potions of magic
 k - a potion of berserk rage
Comestibles
 f - a ration


   Skills:
 O Level 27 Fighting
 O Level 27 Axes
 O Level 27 Throwing
 O Level 27 Armour
 O Level 27 Dodging
 O Level 27 Stealth
 O Level 27 Unarmed Combat
 O Level 27 Spellcasting
   Level 3.2 Translocations
 O Level 27 Invocations


You had 77 spell levels left.
You didn't know any spells.
Your spell library contained the following spells:

 Spells                   Type           Power        Failure   Level  Hunger
 Blink                    Tloc           N/A          1%          2    None
 Shroud of Golubria       Chrm/Tloc      ####......   1%          2    None
 Gell's Gravitas          Tloc           ####......   1%          3    None
 Lesser Beckoning         Tloc           ####......   1%          3    None
 Teleport Other           Tloc           ####....     1%          3    None
 Passage of Golubria      Tloc           N/A          4%          4    None


Dungeon Overview and Level Annotations

Branches:
Dungeon (1/1)

Altars:
Makhleb


Innate Abilities, Weirdness & Mutations

You are resistant to damage.
You can heal yourself by infusing magical energy.
You resist negative energy. (rN+)
You passively map a large area around you.
You do not regenerate.


Message History

3 orcs and an ogre come into view.
You hear a shout! x5
A bag of meat comes into view. It is wielding a +9 war axe.
You hear a shout! x3
A bag of meat comes into view. It is wielding a +9 war axe.
The bag of meat moves out of view.
You hear a shout!
You see here an uncursed ring of protection from fire.
Unknown command.
Unknown command.
l - an uncursed ring of protection from fire You hear a shout! x4
A large bag of meat comes into view. It is wielding a +9 giant spiked club.
The destroyer hits you with a +9 great sword of slicing!!!!
The destroyer bites you but does no damage.
You hear a shout!
The large bag of meat hits you with a +9 giant spiked club!!!!
* * * LOW HITPOINT WARNING * * *
The large bag of meat hits you with a +9 giant spiked club!!!!
You die...

, * , , ,
#....o..o* , ,
#..o....o, ,
#.....o. ,#...
#....Oo...#......#
#....#............
#....##.......#...
#.....#.....#.....
#@o....###oo......
#VO..o##.oo.#.....
#oo.)#o.....))#.o.


#oDOO#).oo..)§oOoo #..o)oo)o.o.)))..# #.O.ooOoo......... #o..o.o.........o.
#..o.O....#....... #..§.....#.#.#.... You could see an eight-headed meat hydra,
a destroyer, 4 large bags of meat, 3 meat berserkers and 23 bags of meat.

Vanquished Creatures
  3 vampire knights (D)
  11 ogres (D)
  28 orcs (D)
  A skeletal warrior (D)
43 creatures vanquished.

Notes
Turn   | Place    | Note
-------+----------+-------------------------------------------
     0 | D        | Found the +∞ Axe of Woe
     0 | D        | Hercules1031 the Deep Dwarf Warper began the quest for the
                  | Orb.
     0 | D        | Reached XP level 1. HP: 19/19 MP: 3/3
     4 | D        | Became a worshipper of Makhleb the Destroyer
     5 | D        | Noticed a bag of meat
     6 | D        | Noticed a bag of meat
     6 | D        | Noticed a bag of meat
     6 | D        | Noticed a meat berserker
     6 | D        | Noticed a meat berserker
     8 | D        | Killed a bag of meat
     8 | D        | Reached XP level 2. HP: 46/46 MP: 3/14
     8 | D        | Reached XP level 3. HP: 54/54 MP: 3/16
     8 | D        | Reached XP level 4. HP: 62/62 MP: 3/17
     8 | D        | Reached XP level 5. HP: 69/69 MP: 3/19
     8 | D        | Reached XP level 6. HP: 78/78 MP: 3/20
     8 | D        | Reached XP level 7. HP: 85/85 MP: 3/22
     8 | D        | Reached XP level 8. HP: 93/93 MP: 3/23
     8 | D        | Gained mutation: You passively map the area around you.
                  | [Deep Dwarf growth]
     8 | D        | Reached XP level 9. HP: 99/99 MP: 3/24
     8 | D        | Reached XP level 10. HP: 108/108 MP: 3/25
     8 | D        | Reached XP level 11. HP: 115/115 MP: 3/26
     8 | D        | Noticed a bag of meat
     8 | D        | Noticed a meat berserker
     8 | D        | Noticed a bag of meat
     8 | D        | Noticed a meat berserker
     8 | D        | Noticed a bag of meat
     8 | D        | Noticed a bag of meat
     8 | D        | Noticed a bag of meat
     9 | D        | Killed a meat berserker
     9 | D        | Reached * piety under Makhleb
     9 | D        | Reached skill level 15 in Fighting
     9 | D        | Reached XP level 12. HP: 132/132 MP: 3/30
     9 | D        | Reached XP level 13. HP: 139/139 MP: 3/31
     9 | D        | Noticed a bag of meat
    10 | D        | Killed a bag of meat
    10 | D        | Reached skill level 15 in Spellcasting
    10 | D        | Gained mutation: You resist negative energy. (rN+) [Deep
                  | Dwarf growth]
    10 | D        | Reached XP level 14. HP: 68/151 MP: 3/33
    10 | D        | Killed a meat berserker
    10 | D        | Reached XP level 15. HP: 73/163 MP: 3/35
    11 | D        | Killed a meat berserker
    11 | D        | Reached ** piety under Makhleb
    12 | D        | Noticed a meat berserker
    13 | D        | Killed a meat berserker
    13 | D        | Reached XP level 16. HP: 81/180 MP: 4/39
    13 | D        | Noticed a meat berserker
    14 | D        | Reached *** piety under Makhleb
    14 | D        | Reached XP level 17. HP: 179/192 MP: 4/41
    17 | D        | Noticed a meat berserker
    18 | D        | Noticed a destroyer
    18 | D        | Noticed a meat berserker
    19 | D        | Noticed a meat berserker
    20 | D        | Noticed a destroyer
    20 | D        | Noticed a meat berserker
    21 | D        | Noticed a meat berserker
    21 | D        | Killed a destroyer
    21 | D        | Reached skill level 27 in Axes
    21 | D        | Reached skill level 27 in Armour
    21 | D        | Reached skill level 27 in Dodging
    21 | D        | Gained mutation: You passively map a large area around you.
                  | [Deep Dwarf growth]
    21 | D        | Reached XP level 18. HP: 207/207 MP: 6/44
    21 | D        | Noticed a large bag of meat
    22 | D        | Reached **** piety under Makhleb
    22 | D        | Killed a meat berserker
    22 | D        | Reached skill level 27 in Fighting
    22 | D        | Killed a meat berserker
    22 | D        | Reached skill level 27 in Spellcasting
    22 | D        | Reached XP level 19. HP: 226/226 MP: 6/50
    22 | D        | Killed a meat berserker
    22 | D        | Noticed a destroyer
    23 | D        | Reached ***** piety under Makhleb
    24 | D        | Reached skill level 27 in Throwing
    24 | D        | Reached XP level 20. HP: 236/236 MP: 7/51
    24 | D        | Killed a meat berserker
    24 | D        | Noticed a meat berserker
    25 | D        | Noticed a large bag of meat
    25 | D        | Noticed a destroyer
    25 | D        | Noticed a large bag of meat
    26 | D        | Reached ****** piety under Makhleb
    26 | D        | Reached skill level 27 in Stealth
    26 | D        | Reached XP level 21. HP: 244/244 MP: 7/52
    26 | D        | Reached skill level 27 in Invocations
    28 | D        | Reached skill level 27 in Unarmed Combat
    28 | D        | Reached XP level 22. HP: 254/254 MP: 8/53
    28 | D        | Killed a destroyer
    29 | D        | Killed a destroyer
    29 | D        | Reached XP level 23. HP: 262/262 MP: 8/54
    29 | D        | Noticed a destroyer
    31 | D        | Reached XP level 24. HP: 272/272 MP: 8/54
    37 | D        | Noticed a large bag of meat
    37 | D        | Demolished by a large bag of meat

Levels and vault maps discovered:
D:        meatsprint

Skill      XL: |  1  2  3  4  5  6  7  8  9 10 11 12 13 14 15 16 17 18 19 20 21 |
---------------+----------------------------------------------------------------+-----
Fighting       | 12 15 16 18 20 21 23 27 | 27.0
Axes           | 14 17 19 20 23 25 27 | 27.0
Armour         | 14 17 18 20 23 25 27 | 27.0
Dodging        | 14 17 19 20 23 25 27 | 27.0
Spellcasting   | 11 14 15 16 19 20 22 27 | 27.0
Throwing       | 14 27 | 27.0
Stealth        | 27 | 27.0
Unarmed Combat | 17 27 | 27.0
Invocations    | 23 27 | 27.0
Translocations | |  3.2

Action                   |  1- 3 |  4- 6 |  7- 9 | 10-12 | 13-15 | 16-18 | 19-21 | 22-24 || total
-------------------------+-------+-------+-------+-------+-------+-------+-------+-------++-------
Melee: Executioner's axe |     1 |       |       |     1 |     3 |     3 |     4 |     4 ||    16
  Use: Scroll            |       |       |       |       |       |       |     1 |       ||     1
Armor: Leather armour    |       |       |       |       |       |       |       |     1 ||     1
Dodge: Dodged            |       |       |       |       |     1 |     1 |       |     1 ||     3

Table legend:
 A = Non-vault XP
 B = Vault XP
 C = Vault XP percentage of total XP
 D = Non-vault monster count
 E = Vault monster count
 F = Vault count percentage of total count
                 A         B        C        D         E       F
            +---------+---------+-------+---------+---------+-------
      Total |  393324 |  703695 |  64.1 |      14 |      29 |  67.4
            +---------+---------+-------+---------+---------+-------
          D |  393324 |  703695 |  64.1 |      14 |      29 |  67.4
            +---------+---------+-------+---------+---------+-------
